 Dungeon Crawl Stone Soup version 0.28.0-53-g5a82cb258f (webtiles) character file.

Game seed: 6262745780816545989

0 firemarshallily the Slasher (level 1, 0/16 HPs)
             Began as a Demonspawn Gladiator on May 21, 2022.
             Slain by a bat (1 damage)
             ... on level 1 of the Dungeon.
             The game lasted 00:00:23 (73 turns).

firemarshallily the Slasher (Demonspawn Gladiator)    Turns: 73, Time: 00:00:23

Health: 0/16       AC:  4    Str: 14    XL:     1   Next: 8%
Magic:  1/1        EV: 12    Int:  9    God:
Gold:   0          SH:  0    Dex: 14    Spells: 0/0 levels left

rFire   . . .      SeeInvis .   a - +0 long sword
rCold   . . .      Faith    .   (no shield)
rNeg    . . .      Spirit   .   b - +0 leather armour
rPois   .          Reflect  .   c - +0 helmet
rElec   .          Harm     .   (no cloak)
rCorr   .          Rampage  .   (no gloves)
Will    .....                   (no boots)
Stlth   +.........              (no amulet)
HPRegen 0.05/turn               (no ring)
MPRegen 0.07/turn               (no ring)

@: no status effects
A: no striking features
a: no special abilities


You were on level 1 of the Dungeon.
You visited 1 branch of the dungeon, and saw 1 of its levels.

Inventory:

Hand Weapons
 a - a +0 long sword (weapon)
Missiles
 d - 3 throwing nets (quivered)
Armour
 b - a +0 leather armour (worn)
 c - a +0 helmet (worn)
Scrolls
 e - a scroll of teleportation {unknown}


   Skills:
 * Level 2.0 Fighting
 * Level 2.7 Long Blades
 + Level 1.7 Throwing
 * Level 0.0 Armour
 + Level 2.7 Dodging


You couldn't memorise any spells.
You didn't know any spells.
Your spell library was empty.

Dungeon Overview and Level Annotations

Branches:
Dungeon (1/15)

Altars:


Message History

You open the door.
There is an open door here.
e - a scroll labelled ZEIZUE DEHOMN
Found a leather armour.
Found a stone staircase leading down.
A rat comes into view.
An endoplasm comes into view.
You hit the rat.
You kill the rat!
An endoplasm is nearby!
A goblin comes into view. It is wielding a +0 dagger.
The goblin shouts!
The endoplasm quivers.
Found a short sword.
The endoplasm barely misses you.
You barely miss the endoplasm.
A bat comes into view.
The endoplasm hits you but does no damage.
The bat moves out of view.
You barely miss the endoplasm. The goblin barely misses you.
The endoplasm freezes you.
You are frozen.
The goblin hits you but does no damage.
You hit the goblin.
The goblin is severely wounded.
The endoplasm hits you. The goblin barely misses you.
The endoplasm freezes you.
You are frozen.
You closely miss the goblin.
The goblin is severely wounded.
The bat barely misses you. The goblin closely misses you.
The endoplasm freezes you.
You are frozen.
* * * LOW HITPOINT WARNING * * *
The bat barely misses you. The goblin hits you with a +0 dagger.
* * * LOW HITPOINT WARNING * * *
The bat barely misses you. The bat closely misses you.
The bat barely misses you. The bat hits you.
You die...

#.#...####...#....##.#
##.#..... ....#....##.#####
........ ................
...... ........##......
#...# #.##..........#. #
#...# #.##.#..##.#..#
#..#.#...#####.##.#..##.#..#
).........gb.#.##.#........#
..........J.@..............#
...#.#.......#.##.#...#.#...
. # ##..#####.##.#.....#....
#..# #.##.#..#..#.... ....#
#.##......... ###..#
#.......##>... ...#
#.##....# ###. .....
.........


You could see an endoplasm, a goblin and a bat.

Vanquished Creatures
  A rat (D:1)
1 creature vanquished.

Notes
Turn   | Place    | Note
-------+----------+-------------------------------------------
     0 | D:1      | firemarshallily the Demonspawn Gladiator began the quest
                  | for the Orb.
     0 | D:1      | Reached XP level 1. HP: 16/16 MP: 1/1
     2 | D:1      | Noticed a merfolk
     2 | D:1      | Noticed a draconian
     4 | D:1      | Noticed a spriggan
     4 | D:1      | Noticed a naga
     6 | D:1      | Noticed a demonspawn
     8 | D:1      | Noticed an octopode
    10 | D:1      | Noticed a gargoyle
    12 | D:1      | Noticed a felid
    12 | D:1      | Noticed a ghoul
    14 | D:1      | Noticed a vine stalker
    14 | D:1      | Noticed a troll
    16 | D:1      | Noticed a vampire
    16 | D:1      | Noticed a tengu
    18 | D:1      | Noticed a dwarf
    20 | D:1      | Noticed an elf
    22 | D:1      | Noticed a formicid
    22 | D:1      | Noticed a human
    24 | D:1      | Noticed an ogre
    24 | D:1      | Noticed a demigod
    26 | D:1      | Noticed a minotaur
    73 | D:1      | Slain by a bat

Illustrated notes

Levels and vault maps discovered:
D:1:      kb_arrival_jail, layout_basic,
          shapermc_ecumenical_altar_mp_urbaneastern

Action                   || total
-------------------------++-------
Melee: Long sword        ||     5
Armor: Leather armour    ||     2
Dodge: Dodged            ||     9
